 Dungeon Crawl Stone Soup version 0.31.0-32-g396128a36d (webtiles) character file.

Game seed: 8442785989634781423

1805976 TacoSundae the Slayer (level 25, 265/295 HPs)
             Began as an Oni Gladiator on Apr 5, 2024.
             Was the Champion of Okawaru.
             Escaped with the Orb
             ... and 3 runes!
             The game lasted 04:56:44 (54671 turns).

TacoSundae the Slayer (Oni Gladiator)              Turns: 54671, Time: 04:56:44

Health: 265/295    AC: 35    Str: 35      XL:     25   Next: 20%
Magic:  41/41      EV:  7    Int:  6      God:    Okawaru [******]
Gold:   2570       SH:  0    Dex: 15 (17) Spells: 24/24 levels left

rFire   + + .        a - +7 giant club "Ithaedgh" {freeze, rC+ rN+++ Int-3 Dex+3}
rCold   + + +        (shield currently unavailable)
rNeg    + + +        M - +10 gold dragon scales "Koprisaj" {rElec rPois rF+ rC+}
rPois   +            D - +2 hat {Will+}
rElec   +            l - scarf {rC+ rF+}
rCorr   .            (gloves unavailable)
SInv    +            (boots unavailable)
Will    +++++        N - amulet "Johustat" {Regen+ MP+9} Stlth
                     H - +6 ring of strength
HPRegen 1.49/turn    f - ring "Liezigge" {Will+ SInv}
MPRegen 0.27/turn

%: no passive effects
@: enlightened, flying, hasted, studying Translocations, very quick
A: large, unfitting armour, horns 1, tough skin 1, double potion healing,
drunken brawling, poison resistance, wild magic 1
0: Orb of Zot
}: 3/15 runes: serpentine, barnacled, abyssal
a: Renounce Religion, Heroism, Finesse, Duel, Receive Weapon


You escaped.
You worshipped Okawaru.
Okawaru was exalted by your worship.
You visited 11 branches of the dungeon, and saw 49 of its levels.
You visited the Abyss 1 time.
You visited 1 bazaar.
You also visited: Sewer, Gauntlet and Ice Cave.

You collected 6559 gold pieces.
You spent 3989 gold pieces at shops.

Inventory:

Hand Weapons
 a - the +7 giant club "Ithaedgh" (weapon) {freeze, rC+ rN+++ Int-3 Dex+3}
   (You found it in an ice cave)

   Int-3:     It affects your intelligence (-3).
   Dex+3:     It affects your dexterity (+3).
   rC+:       It protects you from cold.
   rN+++:     It renders you almost immune to negative energy.
 W - the +10 morningstar "Eos" {elec, Halo rElec}
   (You found it on level 4 of the Shoals)

   Halo:      It grants its wielder a halo, revealing invisible creatures and
   increasing accuracy against all within it other than the wielder.
   rElec:     It insulates you from electricity.
Missiles
 d - 9 throwing nets
 e - 104 large rocks (quivered)
 r - 8 curare-tipped darts
 U - 10 silver javelins
Armour
 l - a scarf of resistance (worn)
 D - a +2 hat of willpower (worn)
 M - the +10 gold dragon scales "Koprisaj" (worn) {rElec rPois rF+ rC+}
   (Okawaru gifted it to you on level 4 of the Lair of Beasts)

   rF+:       It protects you from fire.
   rC+:       It protects you from cold.
   rElec:     It insulates you from electricity.
   rPois:     It protects you from poison
Jewellery
 f - the ring "Liezigge" (right hand) {Will+ SInv}
   (You acquired it on level 6 of the Dungeon)

   [ring of willpower]

   Will+:     It increases your willpower.
   SInv:      It lets you see invisible.
 n - a ring of resist corrosion
 C - the amulet of Pyvvai {Reflect Fly rN+ Dex+4 SH+5}
   (You bought it in a shop in a bazaar)

   [amulet of reflection]

   Reflect:   It reflects blocked missile attacks.
   Dex+4:     It affects your dexterity (+4).
   rN+:       It protects you from negative energy.
   Fly:       It grants you flight.
   SH+5:      It affects your SH (+5).
 H - a +6 ring of strength (left hand)
 N - the amulet "Johustat" (around neck) {Regen+ MP+9}
   (You found it in a Gauntlet)

   [amulet of regeneration]

   MP+9:      It affects your magic capacity (+9).
   Regen+:    It increases your rate of health regeneration.
Wands
 c - a wand of flame (102)
 i - a wand of mindburst (14)
 m - a wand of digging (12)
 A - a wand of polymorph (25)
 G - a wand of light (21)
 Q - a wand of paralysis (60)
 T - a wand of roots (61)
Scrolls
 h - 30 scrolls of teleportation
 k - a scroll of blinking
 o - 8 scrolls of fog
 q - 28 scrolls of identify
 w - 6 scrolls of fear
 x - 7 scrolls of enchant armour
 E - 9 scrolls of enchant weapon
 J - 8 scrolls of poison
 P - 2 scrolls of brand weapon
 V - a scroll of silence
Potions
 b - 4 potions of might
 g - 12 potions of lignification
 p - 13 potions of curing
 s - 7 potions of enlightenment
 t - 18 potions of mutation
 u - 3 potions of heal wounds
 v - 2 potions of haste
 z - 5 potions of cancellation
 B - a potion of resistance
 F - 5 potions of attraction
 I - 5 potions of berserk rage
 L - 3 potions of magic
 O - a potion of invisibility
 R - 2 potions of ambrosia
Miscellaneous
 y - a condenser vane
 K - a lightning rod (4/4)
 S - a phial of floods


   Skills:
 + Level 25.0 Fighting
 + Level 21.4(22.2) Maces & Flails
 - Level 11.0(17.4) Staves
 + Level 20.4 Throwing
 - Level 20.0 Armour
 - Level 2.6 Dodging
 - Level 13.1 Invocations
 - Level 11.6 Evocations


You had 24 spell levels left.
You didn't know any spells.
Your spell library contained the following spells:

 Spells                   Type           Power      Damage    Failure   Level
 Foxfire                  Conj/Fire      0%         2x1d4     99%         1
 Freeze                   Ice            0%         1d3       99%         1
 Kiss of Death            Conj/Necr      0%         2d5       99%         1
 Magic Dart               Conj           0%         1d3       99%         1
 Sandblast                Erth           0%         2d4       99%         1
 Slow                     Hex            0%         N/A       99%         1
 Blink                    Tloc           0%         N/A       100%        2
 Cigotuvi's Dreadful Rot  Necr/Alch/Air  0%         N/A       100%        2
 Ensorcelled Hibernation  Hex/Ice        0%         N/A       100%        2
 Lesser Beckoning         Tloc           0%         N/A       100%        2
 Mercury Vapours          Alch/Air       0%         N/A       100%        2
 Scorch                   Fire           0%         2d5       100%        2
 Static Discharge         Conj/Air       0%         3-3/arc   100%        2
 Sublimation of Blood     Necr           0%         N/A       100%        2
 Confusing Touch          Hex            0%         N/A       100%        3
 Frozen Ramparts          Ice            0%         1d1       100%        3
 Gell's Gravitas          Tloc           0%         N/A       100%        3
 Hailstorm                Conj/Ice       0%         3d5       100%        3
 Mephitic Cloud           Conj/Alch/Air  0%         N/A       100%        3
 Passwall                 Erth           0%         N/A       100%        3
 Sigil of Binding         Hex            0%         N/A       100%        3
 Stone Arrow              Conj/Erth      0%         3d7       100%        3
 Swiftness                Air            0%         N/A       100%        3
 Teleport Other           Tloc           0%         N/A       100%        3
 Vampiric Draining        Necr           0%         2d6       100%        3
 Airstrike                Air            0%         2d(0-16)  100%        4
 Dimensional Bullseye     Hex/Tloc       0%         N/A       100%        4
 Dispel Undead            Necr           0%         3d6       100%        4
 Ignite Poison            Fire/Alch      0%         N/A       100%        4
 Iskenderun's Mystic Bla  Conj/Tloc      0%         2d3       100%        4
 Leda's Liquefaction      Alch/Erth      0%         N/A       100%        4
 Passage of Golubria      Tloc           0%         N/A       100%        4
 Petrify                  Alch/Erth      0%         N/A       100%        4
 Borgnjor's Vile Clutch   Necr/Erth      0%         N/A       100%        5
 Freezing Cloud           Conj/Ice/Air   0%         6-21      100%        5
 Metabolic Englaciation   Hex/Ice        0%         N/A       100%        5
 Yara's Violent Unravell  Hex/Alch       0%         3d3       100%        5
 Plasma Beam              Fire/Air       0%         2x1d10    100%        6
 Starburst                Conj/Fire      0%         6d3       100%        6
 Ozocubu's Refrigeration  Ice            0%         4d7       100%        7
 Borgnjor's Revivificati  Necr           0%         N/A       100%        8
 Lehudib's Crystal Spear  Conj/Erth      0%         10d2      100%        8
 Death's Door             Necr           0%         N/A       100%        9
 Polar Vortex             Ice            0%         N/A       100%        9
 Call Imp                 Summ           Unusable   N/A       N/A         2
 Tukima's Dance           Hex            Unusable   N/A       N/A         3
 Animate Armour           Summ/Erth      Unusable   N/A       N/A         4
 Animate Dead             Necr           Unusable   N/A       N/A         4
 Martyr's Knell           Necr/Summ      Unusable   N/A       N/A         4
 Summon Lightning Spire   Summ/Air       Unusable   N/A       N/A         4
 Summon Mana Viper        Hex/Summ       Unusable   N/A       N/A         5
 Death Channel            Necr           Unusable   N/A       N/A         6
 Sculpt Simulacrum        Ice/Alch       Unusable   N/A       N/A         6
 Haunt                    Necr/Summ      Unusable   N/A       N/A         7
 Monstrous Menagerie      Summ           Unusable   N/A       N/A         7
 Summon Hydra             Summ           Unusable   N/A       N/A         7

Dungeon Overview and Level Annotations

Branches:
Dungeon (15/15)            Temple (1/1) D:7            Lair (5/5) D:11
 Shoals (4/4) Lair:3        Snake (4/4) Lair:2        Slime (0/5) Lair:5
    Orc (2/2) D:12            Elf (3/3) Orc:2        Vaults (4/5) D:13
  Crypt (2/3) Vaults:3     Depths (4/4) D:15            Zot (5/5) Depths:4
  Sewer (visited)           IceCv (visited)         Gauntlet (visited)

Altars:
Ashenzari
Cheibriados
Dithmenos
Elyvilon
Fedhas
Gozag
Hepliaklqana
Kikubaaqudgha
Makhleb
Nemelex Xobeh
Okawaru
Qazlal
Ru
Sif Muna
Trog
Uskayaw
Vehumet
Wu Jian
Xom
Yredelemnul
Zin
The Shining One
Jiyva

Shops:
D:3 [   D:8 !   D:13 (   D:14 *   Orc:1 *   Orc:2 :*[(*   Elf:3 :   Shoals:2 *
Snake:1 ![(   Snake:3 [=*(   Vaults:2 !=   Vaults:4 !   Depths:4 ?

Portals:
Hell: Depths:1 Depths:2 Depths:3 Depths:4
Abyss: Depths:1 Depths:2 Depths:3 Depths:4
Pandemonium: Depths:2 Depths:4
Ziggurat: Depths:4
Trove: Depths:2 (give +3 shadow dragon scales)

Annotations:
Lair:2 3 runed translucent doors, turdburglar's ghost, journeyman DrSh
Shoals:2 exclusion: upstairs
Elf:2 2 runed translucent doors
Vaults:2 2 transporters, community's ghost, adept KoBr
Zot:5 1 runed translucent door, Sebriys's ghost, legendary TrBe


Innate Abilities, Weirdness & Mutations

You are too large for most types of armour.
You have a pair of small horns on your head.
You have tough skin. (AC +1)
You gain doubled healing and magic from potions.
Whenever you drink a healing potion, you attack all around you.
Your system is resistant to poisons. (rPois)
Your spells are a little harder to cast, but a little more powerful.


Message History

You kill the sun demon!
Okawaru accepts your kill.
No target in view!
Okay, then.
Unknown command.
Unknown command.
Aiming: Dig
Press: ? - help, Shift-Dir - straight line, f - you Please select a direction to dig.
This square is covered in magical glow.
You feel a surge of power!
The rock shatters into small pieces.
Your magic seems less tainted.
As you open the door, it creaks loudly!
There is an open door here.
An Orb Guardian comes into view.
There is a staircase leading out of the dungeon here.
You feel very buoyant.
You fly up into the air.
You savour every drop.
You feel better.
You savour every drop.
You feel much better.
You feel yourself speed up. The Orb Guardian hits you!
You pound the Orb Guardian like an anvil!!!
You freeze the Orb Guardian!
The Orb Guardian is severely wounded.
You closely miss the Orb Guardian.
The Orb Guardian is severely wounded.
The Orb Guardian hits you but does no damage.
You hammer the Orb Guardian like a gong!!!
You freeze the Orb Guardian.
You kill the Orb Guardian!
Okawaru accepts your kill.
You feel extremely strange.
Your magical essence no longer links to wands of the dungeon.
You no longer become unable to read scrolls after taking damage.
You no longer feel vulnerable to heat.
Your toenails lengthen and sharpen.
Your talons dull and shrink into feet.
You feel resistant to poisons.
Unknown command.
Unknown command.
You can't go down here!
You have escaped!

#.# #.## #.# #.# ######..###.###
## #.# #.............# #. #.#
#.#####'#####.#########. #.#
#.#PPP#.#PPP#.......##.# #.#
#.#P⌠P#.#P⌠P#.#####.#.## #.#
#.#PPP#.#PPP#.# #...## ..#####
##.#####.#####.####..#.##
....).###).+....@....'...##..##.#
♣'♣##...#..#####.#####.#.##......
....#♣♣..#.#PPP#.#PPP#.#.##.####)
.8..#÷♣.##.#P⌠P#.#P⌠P#......## #[
....#♣♣....#PPP#.#PPP#.#####.###.
#'###.♣..#.#####+#####.# ##.##.
P.PPPP♣.##.............# ##.#.
...♣P♣♣.####.......÷###########..
P.PP♣♣..###..#####...###.........


There were no monsters in sight!

Vanquished Creatures
  A dread lich (Zot:5)
  4 ancient liches (Zot:5)
  2 orbs of fire (Zot:5)
  Vv (Depths:4)
  4 Killer Klowns (Zot:5)
  Bai Suzhen (Snake:4)
  A curse toe (Zot:5)
  Nikola (Shoals:4)
  5 golden dragons
  2 bone dragons
  An electric golem (Zot:5)
  A Tzitzimitl (D:15)
  25 Orb Guardians
  11 tentacled monstrosities
  Zenata (Vaults:1)
  2 walking frostbound tomes
  2 Hell Sentinels
  4 quicksilver dragons
  Mlioglotl (Snake:4)
  Asterion (Depths:2)
  2 titans
  4 sphinxes
  The ghost of spaghetti the Brawler, an adept NaCK of Kikubaaqudgha (Vaults:1)
  Gastronok (D:8)
  4 krakens
  6 storm dragons
  4 tentacled starspawn (Abyss:3)
  An ancient champion (Crypt:1)
  5 death cobs
  Kirke (Shoals:1)
  Donald (Snake:4)
  The ghost of Zoenics the End of an Era, an adept HOFi of Qazlal (Snake:1)
  5 shadow dragons
  3 protean progenitors (Zot:2)
  4 nagarajas (Snake:4)
  A fire giant (Depths:4)
  A nargun (Depths:2)
  A draconian shifter (Zot:2)
  3 draconian monks (Zot:2)
  An azure jelly (shapeshifter) (Depths:3)
  7 frost giants
  3 draconian knights
  Ilsuiw (Shoals:3)
  8 vault wardens
  Louise (D:14)
  A draconian scorcher (Zot:2)
  A deep elf elementalist (Abyss:3)
  11 very ugly things
  2 draconian stormcallers
  8 orc warlords
  A stone giant (shapeshifter) (Depths:3)
  A reaper (Depths:2)
  A formless jellyfish (shapeshifter) (Depths:3)
  A formless jellyfish (Shoals:4)
  A ghost moth (Zot:4)
  A vampire knight (Crypt:1)
  11 ironbound preservers
  11 stone giants
  3 ironbound thunderhulks
  A ghoul (Crypt:1)
  6 black draconians
  A deep elf death mage (Crypt:1)
  6 yellow draconians
  12 starcursed masses (Abyss:3)
  A dire elephant (shapeshifter) (Depths:3)
  6 red draconians
  2 white draconians (Zot:2)
  5 war gargoyles
  5 green draconians
  7 dire elephants
  5 spark wasps
  A lorocyproca (Depths:2)
  A minotaur (Gauntlet)
  2 purple draconians
  The ghost of metalburner8 the Basher, a journeyman GrFi of Wu Jian (D:14)
  8 merfolk javelineers
  6 ettins
  A green death (Zot:1)
  5 merfolk impalers
  A crystal guardian (Vaults:4)
  5 blizzard demons
  Josephine (D:12)
  9 fire dragons
  A spectral golden dragon (D:14)
  11 yaktaur captains
  5 ice dragons
  2 spriggan zombies (D:14)
  3 great orbs of eyes (Vaults:3)
  Fannar (Lair:1)
  An entropy weaver (Vaults:2)
  Erolcha (D:12)
  6 salamander tyrants
  8 centaur warriors
  2 peacekeepers
  A spectral tengu (D:14)
  4 ogre magi
  3 merfolk avatars
  2 radroaches (Zot:2)
  4 rakshasas
  3 vault guards
  A caustic shrike simulacrum (D:14)
  5 merfolk aquamancers
  Erica (D:8)
  7 hydras
  6 anacondas
  8 ironbound frosthearts
  4 spriggan air magi
  3 catoblepae
  24 dancing weapons
  A death knight (Crypt:1)
  An azure jelly zombie (Crypt:1)
  A satyr (shapeshifter) (Depths:3)
  5 boulder beetles
  7 tengu warriors
  8 two-headed ogres
  15 naga warriors
  A satyr (Shoals:3)
  2 alligator snapping turtles
  9 death yaks
  4 deep troll earth magi
  5 deep troll shamans
  9 naga sharpshooters
  A spectral storm dragon (D:14)
  8 orc high priests
  6 iron trolls
  An occultist (Depths:4)
  3 spriggan berserkers
  Amaemon (Lair:2)
  11 shock serpents
  Sonja (D:11)
  6 deep elf knights
  5 sun demons
  9 salamander mystics
  15 hell knights (Depths:4)
  A titan skeleton (Crypt:1)
  2 wretched stars (Abyss:3)
  A soul eater (Abyss:3)
  3 skysharks
  A sixfirhy (Gauntlet)
  7 arcanists
  A mana viper (shapeshifter) (Depths:3)
  9 skeletal warriors
  A bog body (IceCv)
  42 deep trolls
  5 glowing orange brains
  3 flayed ghosts
  9 mana vipers
  10 sea snakes
  An orb spider (shapeshifter) (Depths:3)
  3 deep elf archers
  14 ironbound convokers
  16 deep elf pyromancers
  A harpy (shapeshifter) (D:14)
  15 lindwurms
  An anaconda skeleton (Abyss:3)
  3 necromancers
  A phantasmal warrior (Vaults:3)
  2 orange crystal statues (Depths:2)
  13 harpies
  4 naga ritualists
  4 obsidian statues (Depths:3)
  48 ugly things
  6 fauns (Shoals:3)
  9 orc sorcerers
  19 orc knights
  13 manticores
  An oklob plant (Lair:2)
  41 salamanders
  15 deep elf zephyrmancers
  11 cyclopes
  8 large abominations
  A shining eye (shapeshifter) (Depths:3)
  11 moths of wrath
  4 meliai
  A meliai (shapeshifter) (D:15)
  9 merfolk sirens
  An ice statue (IceCv)
  A guardian serpent (shapeshifter) (D:14)
  6 water nymphs
  13 vault sentinels
  3 elephants
  2 kobold blastminers (Orc:2)
  7 guardian serpents
  9 naga magi
  A torpor snail (Lair:2)
  30 black mambas
  2 smoke demons (Abyss:3)
  A frost giant skeleton (Vaults:3)
  Jeremiah (D:6)
  A molten gargoyle (Gauntlet)
  3 gargoyles
  15 cane toads
  3 rime drakes
  An orange demon (Lair:2)
  2 ice devils (IceCv)
  19 yaktaurs
  A spark wasp simulacrum (Depths:2)
  11 komodo dragons
  2 tengu conjurers
  Maggie (D:9)
  6 freezing wraiths
  2 efreet (D:14)
  A yellow draconian skeleton (Crypt:1)
  A golden dragon simulacrum (Depths:2)
  A red devil (D:15)
  A troll (shapeshifter) (D:14)
  A queen bee (shapeshifter) (Depths:3)
  6 trolls
  A spectral glowing shapeshifter (D:14)
  32 merfolk
  2 tyrant leeches (Zot:2)
  10 wind drakes
  Grinder (D:6)
  Prince Ribbit (D:9)
  21 blink frogs
  6 polar bears
  13 snapping turtles
  7 hornets
  4 raiju (Abyss:3)
  11 dream sheep
  4 spriggans
  13 slime creatures
  26 water elementals
  8 wyverns
  A dire elephant simulacrum (IceCv)
  10 air elementals
  9 wraiths
  8 fire elementals
  A fire bat (Abyss:3)
  2 spriggans (shapeshifter)
  2 shadows
  5 humans (Shoals:1)
  A redback (shapeshifter) (Depths:3)
  A hog (shapeshifter) (D:13)
  54 yaks
  12 basilisks
  7 vampire mosquitoes (D:13)
  5 steam dragons
  An elf simulacrum (Vaults:3)
  A warg (Orc:1)
  A chaos spawn (Abyss:3)
  29 nagas
  2 harpy simulacra
  25 water moccasins
  A swamp worm (shapeshifter) (Depths:3)
  An acid dragon (D:6)
  A black bear (Lair:2)
  46 orc warriors
  A sky beast (D:7)
  5 ogres
  An ice beast (shapeshifter) (Depths:3)
  2 ettin simulacra (Depths:2)
  7 wolves
  10 small abominations
  2 boggarts
  4 centaurs
  A phantom (D:5)
  2 kobold brigands (D:6)
  9 bullfrogs
  A weeping skull (D:14)
  A brain worm (Sewer)
  12 earth elementals
  4 necrophages (D:5)
  4 gnoll sergeants
  6 two-headed ogre simulacra (IceCv)
  A cane toad simulacrum (IceCv)
  5 scorpions
  3 human simulacra
  8 wights
  5 killer bees (D:8)
  3 elephant simulacra (IceCv)
  3 howler monkeys
  An electric eel (D:10)
  A bullfrog zombie (D:5)
  4 jellies
  3 bombardier beetles
  15 hounds
  A quasit (Abyss:2)
  27 orc priests
  3 gnoll boudas (D:10)
  6 iguanas
  Ijyb (D:3)
  4 hell rats (Lair:5)
  37 orc wizards
  A sleepcap (D:8)
  7 spriggan simulacra
  A troll simulacrum (IceCv)
  4 polar bear simulacra (IceCv)
  A wolf simulacrum (IceCv)
  A hound zombie (D:5)
  Robin (D:2)
  A howler monkey zombie (D:5)
  17 adders
  29 gnolls
  5 river rats
  10 naga simulacra (IceCv)
  2 shadow imps
  16 white imps
  10 ufetubi
  A dart slug (Sewer)
  6 ribbon worms
  89 orcs
  11 bats
  11 endoplasms
  5 giant cockroaches
  9 hobgoblins
  14 jackals
  13 kobolds
  6 quokkas
  7 ball pythons
  9 frilled lizards
  13 goblins
  7 rats
  A spectral orc (D:14)
  An aspiring flesh (Zot:2)
  A ball lightning (Depths:3)
  2 starspawn tentacles (Abyss:3)
  15 tentacles
1986 creatures vanquished.

Vanquished Creatures (others)
  A bog body (IceCv)
  A howler monkey (D:3)
  An orc wizard (Orc:2)
  A rat (D:3)
  14 ball lightnings (Depths:3)
  6 starspawn tentacles (Abyss:3)
  22 tentacles
46 creatures vanquished.

Grand Total: 2032 creatures vanquished

Notes
Turn   | Place    | Note
-------+----------+-------------------------------------------
     0 | D:1      | TacoSundae the Oni Gladiator began the quest for the Orb.
     0 | D:1      | Reached XP level 1. HP: 22/22 MP: 1/1
   224 | D:1      | Reached XP level 2. HP: 29/29 MP: 2/2
   625 | D:1      | Reached XP level 3. HP: 36/36 MP: 3/3
   759 | D:1      | Found a faded altar of an unknown god.
  1211 | D:2      | Found an iron altar of Okawaru.
  1215 | D:2      | Reached XP level 4. HP: 31/44 MP: 4/4
  1226 | D:2      | Became a worshipper of Warmaster Okawaru
  1344 | D:2      | Reached skill level 5 in Staves
  1345 | D:2      | Noticed Robin
  1383 | D:2      | Killed Robin
  1544 | D:2      | Reached XP level 5. HP: 32/50 MP: 5/5
  2082 | D:3      | Noticed Ijyb
  2159 | D:3      | Found a shimmering altar of Xom.
  2266 | D:3      | Reached skill level 3 in Fighting
  2266 | D:3      | Reached skill level 1 in Invocations
  2266 | D:3      | Reached XP level 6. HP: 56/61 MP: 6/6
  2549 | D:3      | Reached * piety under Okawaru
  2566 | D:3      | Identified a scroll of acquirement
  2566 | D:3      | Acquired 845 gold pieces
  2643 | D:3      | Found a basalt altar of Yredelemnul.
  2707 | D:3      | Killed Ijyb
  2826 | D:3      | Found a white marble altar of Elyvilon.
  2883 | D:3      | Found Mehearhi's Armour Emporium.
  2888 | D:3      | Bought a +0 cloak for 54 gold pieces
  3210 | D:4      | Found an iron altar of Okawaru.
  3351 | D:4      | Reached skill level 4 in Fighting
  3457 | D:4      | Reached XP level 7. HP: 70/70 MP: 8/8
  3713 | D:5      | Entered Level 5 of the Dungeon
  3800 | D:5      | Found a blossoming altar of Fedhas.
  3904 | D:5      | Reached ** piety under Okawaru
  3905 | D:5      | Reached skill level 5 in Fighting
  4036 | D:5      | Reached XP level 8. HP: 80/81 MP: 9/11
  4361 | D:5      | Found an ornate altar of the Wu Jian Council.
  4839 | D:5      | Reached skill level 6 in Fighting
  5249 | D:6      | Reached skill level 5 in Invocations
  5478 | D:6      | Reached XP level 9. HP: 34/89 MP: 13/13
  5483 | D:6      | Reached skill level 7 in Fighting
  5647 | D:6      | Found a glowing drain.
  5651 | Sewer    | Entered a sewer
  6355 | D:6      | Noticed Jeremiah
  6382 | D:6      | Killed Jeremiah
  6879 | D:6      | Noticed Grinder
  6893 | D:6      | Killed Grinder
  6894 | D:6      | Reached skill level 10 in Staves
  6898 | D:6      | Found a shadowy altar of Dithmenos.
  6907 | D:6      | Reached *** piety under Okawaru
  6917 | D:6      | Reached skill level 8 in Fighting
  6945 | D:6      | Acquired the ring "Liezigge" {Will+ SInv}
  7272 | D:6      | Found an ancient bone altar of Kikubaaqudgha.
  8053 | D:7      | Found a stormy altar of Qazlal.
  8093 | D:7      | Reached XP level 10. HP: 80/106 MP: 12/15
  8311 | D:7      | Reached skill level 1 in Maces & Flails
  8434 | D:7      | Found a staircase to the Ecumenical Temple.
  8704 | D:7      | Reached **** piety under Okawaru
  8727 | Temple   | Entered the Ecumenical Temple
  8813 | D:8      | Noticed Erica
  9081 | D:8      | Found Ruruahol's Distillery.
  9087 | D:8      | Bought a potion of curing for 36 gold pieces
  9087 | D:8      | Bought a potion of haste for 120 gold pieces
  9087 | D:8      | Bought a potion of heal wounds for 60 gold pieces
  9095 | D:8      | Noticed Gastronok
  9136 | D:8      | Killed Gastronok
  9411 | D:8      | Noticed a boulder beetle
  9426 | D:8      | HP: 5/106 [boulder beetle (10)]
  9427 | D:8      | Killed a boulder beetle
  9658 | D:8      | Killed Erica
  9659 | D:8      | Reached XP level 11. HP: 70/113 MP: 13/16
  9972 | D:9      | Noticed Prince Ribbit
  9975 | D:9      | Killed Prince Ribbit
 10055 | D:9      | Reached ***** piety under Okawaru
 10094 | D:9      | Noticed a manticore
 10112 | D:9      | Killed a manticore
 10325 | D:9      | Found a glowing silver altar of Zin.
 10488 | D:9      | Noticed Maggie
 10493 | D:9      | Killed Maggie
 10494 | D:9      | Reached skill level 9 in Fighting
 10494 | D:9      | Reached skill level 10 in Maces & Flails
 10593 | D:9      | Found a hazy altar of Hepliaklqana.
 10691 | D:9      | Found a glowing golden altar of the Shining One.
 10750 | D:10     | Entered Level 10 of the Dungeon
 10765 | D:10     | Found a sparkling altar of Nemelex Xobeh.
 10958 | D:10     | Reached skill level 1 in Armour
 11025 | D:10     | Found a radiant altar of Vehumet.
 11066 | D:10     | Found an opulent altar of Gozag.
 11485 | D:10     | Found a broken altar of Ashenzari.
 11555 | D:10     | Received a gift from Okawaru
 11841 | D:11     | Found a staircase to the Lair.
 11920 | D:11     | Noticed a cyclops
 11928 | D:11     | Killed a cyclops
 12053 | D:11     | Found a gate leading to a gauntlet.
 12058 | Gauntlet | Entered a Gauntlet
 12058 | Gauntlet | Noticed a sixfirhy
 12058 | Gauntlet | Found a transporter.
 12058 | Gauntlet | Found a transporter.
 12058 | Gauntlet | Found a transporter.
 12059 | Gauntlet | Found a transporter.
 12062 | Gauntlet | Found a transporter.
 12063 | Gauntlet | Found a transporter.
 12065 | Gauntlet | Noticed a spectral death yak
 12070 | Gauntlet | Noticed a death scarab
 12072 | Gauntlet | Noticed a dire elephant
 12073 | Gauntlet | Found a transporter.
 12077 | Gauntlet | Found a transporter.
 12079 | Gauntlet | Noticed a ghost crab
 12080 | Gauntlet | Noticed a death scarab
 12086 | Gauntlet | Found a transporter.
 12086 | Gauntlet | Found a transporter.
 12096 | Gauntlet | Found a transporter.
 12096 | Gauntlet | Noticed a catoblepas
 12097 | Gauntlet | Found a transporter.
 12179 | Gauntlet | Identified the staff "Boulud" {rElec rPois rC+ Str-3 Ice
                  | Alchemy}
 12187 | Gauntlet | Killed a sixfirhy
 12223 | Gauntlet | Identified the amulet "Johustat" {Regen+ MP+9}
 12229 | Gauntlet | Killed a dire elephant
 12230 | Gauntlet | Reached skill level 10 in Fighting
 12236 | Gauntlet | Reached XP level 12. HP: 98/126 MP: 16/18
 12238 | Gauntlet | Identified the +8 hand axe of the Coward {holy, Fly}
 12320 | Gauntlet | Killed a catoblepas
 12356 | Gauntlet | Identified the +1 hat "Bidio" {Str+2}
 12385 | Gauntlet | Identified the +1 dire flail of the Sneaky Geomancers
                  | {protect, rElec rPois rC- Stlth+}
 12385 | Gauntlet | Noticed a minotaur
 12385 | Gauntlet | Found the +7 Kryia's mail coat {PotionHeal*2 rC+}
 12391 | Gauntlet | Killed a minotaur
 12422 | Gauntlet | Identified the ring "Rizegam" {Fire Int+6}
 12485 | D:11     | Noticed Sonja
 12485 | D:11     | Noticed a two-headed ogre
 12506 | D:11     | Killed a two-headed ogre
 12535 | D:11     | Killed Sonja
 12861 | D:11     | Reached skill level 11 in Fighting
 13010 | D:11     | Noticed a boulder beetle
 13028 | D:11     | Killed a boulder beetle
 13028 | D:11     | Received a gift from Okawaru
 13443 | Lair:1   | Entered Level 1 of the Lair of Beasts
 13519 | Lair:1   | Reached skill level 5 in Throwing
 13578 | Lair:1   | Reached skill level 5 in Armour
 13693 | Lair:1   | Received a gift from Okawaru
 13697 | Lair:1   | Reached XP level 13. HP: 97/139 MP: 19/19
 13891 | Lair:1   | Found a shadowy altar of Dithmenos.
 13947 | Lair:1   | Reached skill level 12 in Fighting
 13996 | Lair:1   | Noticed Fannar
 14023 | Lair:1   | Killed Fannar
 14377 | Lair:2   | Received a gift from Okawaru
 14561 | Lair:2   | Found a staircase to the Snake Pit.
 14715 | Lair:2   | Reached skill level 10 in Invocations
 14722 | Lair:2   | Noticed Amaemon
 14743 | Lair:2   | Received a gift from Okawaru
 14753 | Lair:2   | Killed Amaemon
 15132 | Lair:2   | Found a runed translucent gate.
 15132 | Lair:2   | Found a runed translucent gate.
 15132 | Lair:2   | Found a runed translucent gate.
 15138 | Lair:2   | Noticed turdburglar's ghost (journeyman DrSh)
 15140 | Lair:2   | Found a viscous altar of Jiyva.
 15783 | Lair:3   | Reached skill level 13 in Fighting
 15810 | Lair:3   | Received a gift from Okawaru
 15859 | Lair:3   | Reached XP level 14. HP: 113/153 MP: 22/22
 15952 | Lair:3   | Found a staircase to the Shoals.
 16914 | Lair:4   | Reached ****** piety under Okawaru
 16940 | Lair:4   | Found a frozen archway.
 16961 | Lair:4   | Acquired the +10 gold dragon scales "Koprisaj" {rElec rPois
                  | rF+ rC+}
 16961 | Lair:4   | Received a gift from Okawaru
 16983 | IceCv    | Entered an ice cave
 17082 | IceCv    | Received a gift from Okawaru
 17158 | IceCv    | Identified the +2 plate armour of the Game of Kings {Will+
                  | Int+4}
 17450 | IceCv    | Identified the +7 giant club "Ithaedgh" {freeze, rC+ rN+++
                  | Int-3 Dex+3}
 18085 | Lair:5   | Entered Level 5 of the Lair of Beasts
 18247 | Lair:5   | Reached skill level 14 in Fighting
 18282 | Lair:5   | Received a gift from Okawaru
 18552 | Lair:5   | Received a gift from Okawaru
 18789 | Lair:5   | Found a staircase to the Slime Pits.
 18805 | Lair:5   | Reached XP level 15. HP: 165/165 MP: 23/23
 18912 | Lair:5   | Received a gift from Okawaru
 19323 | Lair:5   | Identified the +6 trident of Disembowelment {drain, rN++}
 19723 | D:12     | Noticed Erolcha
 19736 | D:12     | Killed Erolcha
 19988 | D:12     | Identified the +3 leather armour "Xumipp" {*Slow rC- Regen+
                  | Stlth+}
 20072 | D:12     | Found a staircase to the Orcish Mines.
 20367 | D:12     | Noticed Josephine
 20385 | D:12     | Killed Josephine
 20386 | D:12     | Reached skill level 15 in Fighting
 20386 | D:12     | Reached skill level 10 in Armour
 20493 | Orc:1    | Entered Level 1 of the Orcish Mines
 20780 | Orc:1    | Found Veghuv's Assorted Antiques.
 20919 | Orc:2    | Entered Level 2 of the Orcish Mines
 20919 | Orc:2    | Found a staircase to the Elven Halls.
 20994 | Orc:2    | Received a gift from Okawaru
 21363 | Orc:2    | Noticed an orc warlord
 21402 | Orc:2    | Killed an orc warlord
 21745 | Orc:2    | Found Podiwn's Antique Armour Shoppe.
 21746 | Orc:2    | Found Nanot's Antique Weapon Emporium.
 21749 | Orc:2    | Found Vetitew's General Store.
 21749 | Orc:2    | Found Nanauk's Book Shoppe.
 21934 | Orc:2    | Found Vososh's General Store.
 21937 | Orc:2    | Bought 2 potions of curing for 72 gold pieces
 21976 | Elf:1    | Entered Level 1 of the Elven Halls
 21984 | Elf:1    | Received a gift from Okawaru
 21993 | Elf:1    | Paralysed by an air elemental for 1 turns
 22078 | Elf:1    | Reached skill level 10 in Throwing
 22425 | Elf:1    | Reached skill level 15 in Maces & Flails
 22450 | Elf:1    | Received a gift from Okawaru
 22915 | Elf:1    | Reached XP level 16. HP: 151/179 MP: 24/24
 23375 | Elf:2    | Received a gift from Okawaru
 23376 | Elf:2    | Reached skill level 16 in Fighting
 23528 | Elf:2    | Found a runed translucent door.
 23555 | Elf:2    | Found a runed translucent door.
 23989 | Elf:3    | Entered Level 3 of the Elven Halls
 24186 | Elf:3    | Found Xesuola's Book Shoppe.
 24666 | Elf:3    | Received a gift from Okawaru
 25149 | D:13     | Found a gate to the Vaults.
 25475 | D:13     | Found Ippuoh's Weapon Boutique.
 25753 | D:14     | Received a gift from Okawaru
 25971 | D:14     | Received a gift from Okawaru
 25973 | D:14     | Reached skill level 17 in Fighting
 26028 | D:14     | Found Cecautzo's Demolitions Depot.
 26089 | D:14     | Noticed Louise
 26102 | D:14     | Killed Louise
 26141 | D:14     | Found a runed translucent gate.
 26141 | D:14     | Found a runed translucent gate.
 26141 | D:14     | Found a runed translucent gate.
 26141 | D:14     | Noticed metalburner8's ghost (journeyman GrFi)
 26164 | D:14     | Reached XP level 17. HP: 191/191 MP: 25/25
 26188 | D:14     | Killed metalburner8's ghost
 26478 | D:14     | Found a basalt altar of Yredelemnul.
 26845 | D:15     | Entered Level 15 of the Dungeon
 27042 | D:15     | Acquired a scarf of resistance
 27103 | D:15     | Received a gift from Okawaru
 27116 | D:15     | Reached skill level 18 in Fighting
 27309 | D:15     | Got the Papyrus of Flamy Iniquitous Spells
 27342 | D:15     | Found a staircase to the Depths.
 27823 | Snake:1  | Entered Level 1 of the Snake Pit
 28186 | Snake:1  | Found Neumea's Distillery.
 28206 | Snake:1  | Found Qekus's Antique Armour Emporium.
 28208 | Snake:1  | Found Ybalular's Antique Weapon Shoppe.
 28238 | Snake:1  | Bought a potion of curing for 39 gold pieces
 28268 | Snake:1  | Found a runed translucent door.
 28280 | Snake:1  | Noticed Zoenics's ghost (adept HOFi)
 28297 | Snake:1  | Killed Zoenics's ghost
 28297 | Snake:1  | Received a gift from Okawaru
 28867 | Snake:2  | Reached skill level 19 in Fighting
 28879 | Snake:2  | Received a gift from Okawaru
 29522 | Snake:3  | Received a gift from Okawaru
 29523 | Snake:3  | Reached XP level 18. HP: 162/208 MP: 26/26
 29906 | Snake:3  | Found Hycoeti's General Store.
 29917 | Snake:3  | Bought a scroll of brand weapon for 190 gold pieces
 29917 | Snake:3  | Bought a scroll of enchant weapon for 150 gold pieces
 30093 | Snake:3  | Found Qaqudoz's Antique Armour Shoppe.
 30099 | Snake:3  | Bought a bloodstained cloak for 323 gold pieces
 30099 | Snake:3  | Identified the +1 cloak of Dishonesty {rC+ Int+3} (You
                  | bought it in a shop on level 3 of the Snake Pit)
 30102 | Snake:3  | Found Faudwegorph's Jewellery Emporium.
 30112 | Snake:3  | Bought the amulet of Muabuik {Reflect rElec rPois Int-5
                  | Dex+9 SH+5} for 1188 gold pieces
 30225 | Snake:3  | Found Buykumad's Antique Weapon Boutique.
 30837 | Snake:4  | Entered Level 4 of the Snake Pit
 31040 | Snake:4  | Noticed Bai Suzhen
 31045 | Snake:4  | Noticed Mlioglotl
 31055 | Snake:4  | Killed Bai Suzhen
 31056 | Snake:4  | Reached skill level 15 in Armour
 31057 | Snake:4  | Killed Mlioglotl
 31058 | Snake:4  | Reached skill level 20 in Fighting
 31219 | Snake:4  | Received a gift from Okawaru
 31245 | Snake:4  | Noticed Donald
 31263 | Snake:4  | Killed Donald
 32180 | Snake:4  | Reached skill level 21 in Fighting
 32243 | Snake:4  | Received a gift from Okawaru
 32538 | Snake:4  | Got a serpentine rune of Zot
 32713 | Shoals:1 | Entered Level 1 of the Shoals
 32925 | Shoals:1 | Reached XP level 19. HP: 219/224 MP: 27/27
 33085 | Shoals:1 | Received a gift from Okawaru
 33366 | Shoals:1 | Noticed Kirke
 33373 | Shoals:1 | Killed Kirke
 33428 | Shoals:1 | Reached skill level 1 in Evocations
 33914 | Shoals:2 | Reached skill level 22 in Fighting
 34006 | Shoals:3 | Received a gift from Okawaru
 34596 | Shoals:2 | Found Gazoum's General Store.
 34623 | Shoals:2 | Bought a potion of berserk rage for 70 gold pieces
 34746 | Shoals:3 | Noticed Ilsuiw
 34762 | Shoals:3 | Killed Ilsuiw
 35118 | Shoals:3 | Received a gift from Okawaru
 35191 | Shoals:4 | Entered Level 4 of the Shoals
 35343 | Shoals:4 | Identified the +1 robe of a bailey {Dex+3}
 35441 | Shoals:4 | Noticed Nikola
 35465 | Shoals:4 | Killed Nikola
 35485 | Shoals:4 | Found the +10 morningstar "Eos" {elec, Halo rElec}
 35790 | Shoals:4 | Received a gift from Okawaru
 35868 | Shoals:4 | Got a barnacled rune of Zot
 36179 | Vaults:1 | Entered Level 1 of the Vaults
 36277 | Vaults:1 | Noticed Zenata
 36293 | Vaults:1 | Killed Zenata
 36353 | Vaults:1 | Found a flickering gateway to a bazaar.
 36360 | Bazaar   | Entered a bazaar
 36368 | Bazaar   | Found Udevacag's General Store.
 36376 | Bazaar   | Bought a potion of curing for 30 gold pieces
 36376 | Bazaar   | Bought a potion of might for 40 gold pieces
 36376 | Bazaar   | Found Rezuufex's Antique Armour Boutique.
 36384 | Bazaar   | Found Jusm's Jewellery Shop.
 36421 | Bazaar   | Found Kiliz's General Store.
 36468 | Bazaar   | Bought the amulet of Pyvvai {Reflect Fly rN+ Dex+4 SH+5}
                  | for 982 gold pieces
 36572 | Vaults:1 | Reached skill level 23 in Fighting
 36672 | Vaults:1 | Reached XP level 20. HP: 240/240 MP: 29/29
 37061 | Vaults:1 | Acquired 625 gold pieces
 37117 | Vaults:1 | Found a runed translucent door.
 37117 | Vaults:1 | Noticed spaghetti's ghost (adept NaCK)
 37136 | Vaults:1 | Killed spaghetti's ghost
 37685 | Vaults:2 | Found Puptikk's Jewellery Emporium.
 37693 | Vaults:2 | Received a gift from Okawaru
 37749 | Vaults:2 | Reached skill level 15 in Throwing
 37749 | Vaults:2 | Reached skill level 5 in Evocations
 38205 | Vaults:2 | Received a gift from Okawaru
 38610 | Vaults:2 | Found the +6 lightning scales {swift, rElec}
 38652 | Vaults:2 | Identified the +7 trident of Indomitability {pain, MP-9
                  | Dex+7}
 39003 | Vaults:2 | Found a transporter.
 39008 | Vaults:2 | Noticed community's ghost (adept KoBr)
 39020 | Vaults:2 | Found a bloodstained altar of Trog.
 39036 | Vaults:2 | Found a transporter.
 39120 | Vaults:2 | Found Ukilitepo's Distillery.
 39128 | Vaults:2 | Bought a potion of haste for 130 gold pieces
 39128 | Vaults:2 | Bought a potion of berserk rage for 65 gold pieces
 39128 | Vaults:2 | Bought a potion of haste for 130 gold pieces
 39128 | Vaults:2 | Bought a potion of resistance for 130 gold pieces
 39317 | Vaults:2 | Received a gift from Okawaru
 39824 | Vaults:3 | Noticed a bone dragon
 39839 | Vaults:3 | Killed a bone dragon
 39912 | Vaults:3 | Reached XP level 21. HP: 220/249 MP: 30/30
 39996 | Vaults:3 | Found a staircase to the Crypt.
 40177 | Vaults:3 | Received a gift from Okawaru
 40330 | Vaults:3 | Identified the +7 scale mail of the Lotus Blossom {rC+
                  | Dex+4}
 41195 | Vaults:4 | Found Ekhleolel's Distillery.
 41203 | Vaults:4 | Bought a potion of heal wounds for 90 gold pieces
 41203 | Vaults:4 | Bought a potion of heal wounds for 90 gold pieces
 41296 | Vaults:4 | Received a gift from Okawaru
 42165 | Crypt:1  | Entered Level 1 of the Crypt
 42180 | Crypt:1  | Received a gift from Okawaru
 42945 | Depths:1 | Entered Level 1 of the Depths
 43004 | Depths:1 | Found a one-way gate to the infinite horrors of the Abyss.
 43090 | Depths:1 | Found the +9 scales of the Dragon King {rPois rF+ rC+
                  | Will+}
 43277 | Depths:1 | Received a gift from Okawaru
 43361 | Depths:1 | Identified the +3 sling "Xeux" {drain, rF- rC++ Will+}
 43519 | Depths:1 | Found a gateway to Hell.
 43548 | Depths:1 | Reached XP level 22. HP: 227/260 MP: 31/31
 43607 | Depths:1 | Found a stormy altar of Qazlal.
 43898 | Depths:1 | Voluntarily entered the Abyss.
 43901 | Abyss:1  | Found a corrupted altar of Lugonu.
 44016 | Abyss:2  | Gained mutation: You are dopey. (Int -2) [a neqoxec]
 44044 | Abyss:3  | Paralysed by accursed screaming for 1 turns
 44085 | Abyss:3  | Got an abyssal rune of Zot
 44254 | Abyss:3  | Received a gift from Okawaru
 44257 | Depths:1 | Escaped the Abyss
 44285 | Depths:2 | Found a portal to a secret trove of treasure.
 44383 | Depths:2 | Noticed Asterion
 44652 | Depths:2 | Killed Asterion
 45753 | Depths:2 | Received a gift from Okawaru
 45757 | Depths:2 | Found a one-way gate leading to the halls of Pandemonium.
 46244 | Depths:3 | Paralysed by an air elemental for 1 turns
 46248 | Depths:3 | Paralysed by an air elemental for 1 turns
 46309 | Depths:3 | Reached skill level 10 in Evocations
 46623 | Depths:3 | Paralysed by an air elemental for 1 turns
 46660 | Depths:3 | Received a gift from Okawaru
 46793 | Depths:3 | Identified the +5 trident "Embalmer" {antimagic, rC- rN+
                  | Int-2 Dex+4}
 46795 | Depths:3 | Got the Compilation of the Dove
 46936 | Depths:3 | Reached XP level 23. HP: 252/267 MP: 32/32
 47132 | Depths:3 | Paralysed by an air elemental for 1 turns
 47902 | Depths:3 | Lost mutation: You are dopey. (Int -2) [potion of mutation]
 47902 | Depths:3 | Gained mutation: You have hidden genetic potential. [potion
                  | of mutation]
 47902 | Depths:3 | Gained mutation: You are occasionally teleported next to
                  | monsters. [potion of mutation]
 47902 | Depths:3 | Gained mutation: You are partially covered in iridescent
                  | scales. (AC +2) [potion of mutation]
 47902 | Depths:3 | Gained mutation: Your natural rate of healing is unusually
                  | fast. [potion of mutation]
 47903 | Depths:3 | Lost mutation: You have hidden genetic potential. [potion
                  | of mutation]
 47903 | Depths:3 | Lost mutation: Your natural rate of healing is unusually
                  | fast. [potion of mutation]
 47903 | Depths:3 | Lost mutation: You are partially covered in iridescent
                  | scales. (AC +2) [potion of mutation]
 47903 | Depths:3 | Gained mutation: You passively map a small area around you.
                  | [potion of mutation]
 47903 | Depths:3 | Gained mutation: Your flesh is cold resistant. (rC+)
                  | [potion of mutation]
 47904 | Depths:3 | Lost mutation: You passively map a small area around you.
                  | [potion of mutation]
 47904 | Depths:3 | Lost mutation: You are occasionally teleported next to
                  | monsters. [potion of mutation]
 47904 | Depths:3 | Lost mutation: Your flesh is cold resistant. (rC+) [potion
                  | of mutation]
 47904 | Depths:3 | Gained mutation: You are dopey. (Int -2) [potion of
                  | mutation]
 47904 | Depths:3 | Lost mutation: You are dopey. (Int -2) [potion of mutation]
 47911 | Depths:4 | Entered Level 4 of the Depths
 48375 | Depths:3 | Received a gift from Okawaru
 49071 | Depths:4 | Received a gift from Okawaru
 49132 | Depths:4 | Found a gate to the Realm of Zot.
 49338 | Depths:4 | Found Zani's Magic Scroll Shop.
 49416 | Depths:4 | Found a one-way gateway to a ziggurat.
 50274 | Depths:4 | Noticed Vv
 50293 | Depths:4 | Killed Vv
 50633 | Depths:4 | Identified the +3 lajatang "Impslayer" {vamp, Int+2}
 50739 | Zot:1    | Entered Level 1 of the Realm of Zot
 50917 | Zot:1    | Received a gift from Okawaru
 50921 | Zot:1    | Noticed a golden dragon
 50926 | Zot:1    | Killed a golden dragon
 51891 | Zot:2    | Noticed a golden dragon
 51912 | Zot:2    | Reached XP level 24. HP: 208/278 MP: 32/32
 51975 | Zot:2    | Received a gift from Okawaru
 52002 | Zot:2    | HP: 3/278 [death cob (19)]
 52964 | Zot:5    | Entered Level 5 of the Realm of Zot
 52983 | Zot:5    | Noticed a curse toe
 53017 | Zot:5    | Killed a curse toe
 53017 | Zot:5    | Received a gift from Okawaru
 53347 | Zot:5    | Found a runed translucent door.
 53348 | Zot:5    | Found a shimmering altar of Xom.
 53348 | Zot:5    | Noticed Sebriys's ghost (legendary TrBe)
 53423 | Zot:5    | Identified the +7 scimitar "Gomiun" {chaos, rElec rF+
                  | Dex+2}
 53541 | Zot:5    | Reached skill level 24 in Fighting
 53732 | Zot:5    | Noticed an ancient lich
 53732 | Zot:5    | Noticed an ancient lich
 53732 | Zot:5    | Noticed an orb of fire
 53732 | Zot:5    | Gained mutation: You expend magic power (3 MP) to
                  | strengthen your wands. [an orb of fire]
 53739 | Zot:5    | Gained mutation: Your spells are a little harder to cast,
                  | but a little more powerful. [an orb of fire]
 53744 | Zot:5    | Killed an orb of fire
 53750 | Zot:5    | Killed an ancient lich
 53752 | Zot:5    | Killed an ancient lich
 53754 | Zot:5    | Noticed a dread lich
 53754 | Zot:5    | Noticed an ancient lich
 53755 | Zot:5    | Noticed a Killer Klown
 53760 | Zot:5    | Killed an ancient lich
 53771 | Zot:5    | Killed a dread lich
 53771 | Zot:5    | Received a gift from Okawaru
 53809 | Zot:5    | Noticed an orb of fire
 53815 | Zot:5    | Noticed a Killer Klown
 53816 | Zot:5    | Noticed a Killer Klown
 53848 | Zot:5    | Killed a Killer Klown
 53859 | Zot:5    | Gained mutation: You are vulnerable to heat. (rF-) [an orb
                  | of fire]
 53861 | Zot:5    | Gained mutation: You occasionally lose the ability to read
                  | scrolls when taking damage. [an orb of fire]
 53867 | Zot:5    | Killed an orb of fire
 53871 | Zot:5    | Received a gift from Okawaru
 54021 | Zot:5    | Noticed an ancient lich
 54021 | Zot:5    | Noticed a Killer Klown
 54027 | Zot:5    | Killed an ancient lich
 54028 | Zot:5    | Reached XP level 25. HP: 225/292 MP: 32/32
 54034 | Zot:5    | Killed a Killer Klown
 54040 | Zot:5    | Killed a Killer Klown
 54044 | Zot:5    | Killed a Killer Klown
 54134 | Zot:5    | Got the Orb of Zot
 54450 | D:11     | Reached skill level 25 in Fighting
 54528 | D:7      | Received a gift from Okawaru
 54669 | D:1      | Lost mutation: You expend magic power (3 MP) to strengthen
                  | your wands. [potion of mutation]
 54669 | D:1      | Lost mutation: You occasionally lose the ability to read
                  | scrolls when taking damage. [potion of mutation]
 54669 | D:1      | Lost mutation: You are vulnerable to heat. (rF-) [potion of
                  | mutation]
 54669 | D:1      | Gained mutation: You have sharp toenails. [potion of
                  | mutation]
 54669 | D:1      | Lost mutation: You have sharp toenails. [potion of
                  | mutation]
 54669 | D:1      | Gained mutation: Your system is resistant to poisons.
                  | (rPois) [potion of mutation]
 54671 | D:$      | Escaped with the Orb!

Illustrated notes

Levels and vault maps discovered:
D:1:      beargit_arrival_greenhouse, layout_loops_ring,
          dilly_ecumenical_altar_fadedgnrine
D:2:      layout_loops_cross, basic_altar, serial_bayou_crossing, uniq_robin
D:3:      layout_rooms, kennysheep_ying_yang, xom_confusion_cloud, serial_shops,
          shop, minmay_vboxes, uniq_ijyb
D:4:      layout_cave_pools, okawaru_metal_pillars_1_2
D:5:      layout_cave_pods, lemuel_coloured_pillars_altar,
          fedhas_altar_decomposition
D:6:      layout_loops_corners, nicolae_dithmenos_the_darkroom,
          amcnicky_altar_gilded, gup_sewer_entry_spiral, uniq_jeremiah,
          uniq_grinder
D:7:      layout_basic, nicolae_qazlal_beasts_of_the_sky, temple_doors_e
D:8:      layout_rooms, serial_shops, shop, uniq_erica, uniq_gastronok
D:9:      layout_roguey, nicolae_tso_swordbearing_angel,
          mainiacjoe_overflow_catwalk, worldfamousw_hep_ancestral_shrine,
          uniq_maggie, uniq_prince_ribbit1
D:10:     layout_cross, grunt_gozag_statues, nemelex_xobeh_ov_fountains_minmay,
          mainiacjoe_overflow_surrounded_room, nicolae_ashenzari_skybound,
          serial_gnoll_camp, gnoll_camp_mini_basic, gnoll_camp_mini_basic,
          gnoll_camp_huts_moat, gnoll_camp_mini_basic
D:11:     layout_irregular_city, lair_entry_dummy, gauntlet_entry_generic,
          uniq_sonja
D:12:     layout_cave_pods, hiddenorc2_lemuel, uniq_josephine, uniq_erolcha
D:13:     layout_loops_ring, hellmonk_vaults_attempted_burglary, serial_shops,
          shop, hangedman_abyss_or_decor_slice, solitary_fountain
D:14:     minmay_the_grid_triangle_9x9_rhombus_full_mashed
          [minmay_the_grid_triangle_9x9_negative_grid,
          minmay_the_grid_triangle_9x9_from_above,
          minmay_the_grid_triangle_9x9_sparse_checkered,
          minmay_the_grid_triangle_9x9_shrine,
          minmay_the_grid_triangle_9x9_minimal,
          minmay_the_grid_triangle_9x9_steps,
          minmay_the_grid_triangle_9x9_skeleton,
          minmay_the_grid_triangle_9x9_prize_center], layout_stronghold,
          gammafunk_ghost_necromancy, nicolae_blasting_shop,
          yredelemnul_forgotten_temple_becter, uniq_louise
D:15:     hangedman_depths_entry_try_elsewhere_first, layout_loops_ring,
          minmay_misc_feat_tiny
Temple:   nicolae_temple_two_arcs
Lair:1:   layout_big_grid, basic_altar, grunt_megastairs_5,
          serial_bayou_shore_a, uniq_fannar
Lair:2:   nzn_winding_woodlands_medium [nzn_winding_woodlands_5x5_cross,
          nzn_winding_woodlands_5x15_zeroes, nzn_winding_woodlands_hourglass,
          nzn_winding_woodlands_5x5_three,
          nzn_winding_woodlands_center_diamonds,
          nzn_winding_woodlands_5x5_checkerboard,
          nzn_winding_woodlands_5x5_default,
          nzn_winding_woodlands_5x15_split_checker,
          nzn_winding_woodlands_5x5_closed_star], layout_gridlike,
          guppyfry_snake_entry_island, gammafunk_ghost_ooze, uniq_amaemon
Lair:3:   layout_regular_city, elwin_shoals_entry_rocks
Lair:4:   minmay_lair_venomous_thicket, layout_loops_ring,
          portal_ice_cave_entry_imps, serial_bayou_lake_a
Lair:5:   gammafunk_lair_ancient_temple, layout_layer_cave, slime_entry_1,
          lemuel_fruit_fields
Shoals:1: nicolae_shoals_lighthouse, layout_shoals, uniq_kirke
Shoals:2: layout_shoals, serial_shops, nicolae_shop_gibbet_a_chance,
          nicolae_shoals_gull_way
Shoals:3: layout_shoals, uniq_ilsuiw
Shoals:4: shoals_end_hangedman, layout_shoals, uniq_nikola
Snake:1:  nrook_guardian_serpent_snake_passage, layout_rooms,
          ebering_ghost_reflecting_pool, nicolae_snake_salamander_stairs,
          minmay_shop_star
Snake:2:  layout_onion
Snake:3:  layout_layer_cave, serial_shops, shop, shop, shop,
          nicolae_shop_advertising_works [nicolae_subvault_shop_adworks],
          special_room
Snake:4:  grunt_snake_rune_pools, layout_misc_corridors, grunt_ministairs_5,
          st_stairs_14, uniq_donald, uniq_bai_suzhen, uniq_mlioglotl
Orc:1:    layout_diamond_mine, serial_shops, shop
Orc:2:    st_orc_congregation, layout_diamond_mine, serial_shops,
          nicolae_shop_tiny_real_fake_doors
Elf:1:    nicolae_elf_arrival_no_cutting_in_line, layout_geoelf_diagonals,
          evilmike_minifort
Elf:2:    nicolae_elf_blades_splatter_lattice
          [nicolae_blade_entry_splitting_headache], layout_onion_city
Elf:3:    elf_hall_gauntlet_narrow, layout_gridlike, serial_shops, shop,
          grunt_megastairs_1
Vaults:1: hellmonk_ghost_happy_afterlife, hangedman_vaults_nails,
          grunt_vaults_funnel, vaults_standard_mumra_x,
          nicolae_vaults_ring_of_whatevers, v_misc_28, nicolae_vaults_theta,
          nicolae_vaults_bisected_inception, nicolae_vaults_diamond_1,
          v_misc_26, nicolae_vaults_tetromino_Z_1,
          nicolae_vaults_storage_room_doors, nicolae_vaults_surprise_closet,
          layout_vaults_omnicross, serial_shops, bzr_entry_dummy, uniq_zenata
Vaults:2: gammafunk_ghost_wrathful_warriors, nicolae_vaults_storage_closets_1,
          nicolae_vaults_spaceships, nicolae_vaults_weapon_check,
          nicolae_vaults_ring_of_whatevers, minmay_orc_keep,
          nicolae_vaults_mini_display_case, v_misc_22, layout_vaults_omnigrid,
          serial_shops, nicolae_shop_industrial_runoff,
          nicolae_shop_temple_entry_statues_fountains
Vaults:3: nicolae_vaults_closet_pinwheel_6, ontoclasm_vaults_shuriken,
          vaults_room_boxed, ontoclasm_vaults_twist,
          nicolae_vaults_doubleplus_tesselated,
          minmay_crypt_entry_nasty_monster, nicolae_vaults_an_arrangement,
          ontoclasm_vaults_claustrophobia, hangedman_vaults_slice,
          nicolae_vaults_network_quincunx
          [nicolae_vaults_network_quincunx_subvault,
          nicolae_vaults_network_quincunx_subvault,
          nicolae_vaults_network_quincunx_subvault,
          nicolae_vaults_network_quincunx_subvault,
          nicolae_vaults_network_quincunx_subvault], layout_vaults_omnibox
Vaults:4: nicolae_vaults_offset_grid_hallway_2, ontoclasm_vaults_ligature,
          nicolae_vaults_rhombus_7, nicolae_vaults_closet_pinwheel_2,
          ontoclasm_vaults_chip, grunt_vaults_twisty,
          nicolae_vaults_circle_grid_b, special_room_vaults [special_room_orc],
          layout_vaults_big_room, serial_shops, shop
Crypt:1:  hangedman_staggered_hall, layout_gridlike, grunt_crypt_arrival_webbed
Crypt:2:  layout_rooms, gammafunk_ghost_split
Depths:1: layout_gridlike, abyss_entry, hell_entry, kennysheep_cross_landing,
          serial_library_hellmonk_recessed_alcove,
          nicolae_qazlal_eye_of_the_storm
Depths:2: dreamdust_isle_of_ice, layout_cave_pools, rand_demon_pan_entry_9,
          hangedman_abyss_entry_splay, enter_trove_0, hell_entry, uniq_asterion
Depths:3: radiant_caverns_b_rkd, hell_entry, abyss_entry
Depths:4: grunt_crosshair, layout_cave_shapes, enter_ziggurat_d, abyss_entry,
          pf_hell_entry_great_geh, chequers_hall_statues_corner_a, pan_entry,
          serial_shops, shop, st_stairs_3, laboratory, uniq_vv
Zot:1:    layout_basic, st_single_dragon_hoard_2, regret_index_zotdec_magical_s
Zot:2:    layout_misc_corridors, zot_minivault_8
Zot:3:    layout_twisted_circle
Zot:4:    layout_onion_interference, gammafunk_ghost_tricky_traps,
          hangedman_zot_wheel_spokes
Zot:5:    layout_onion, ebering_ghost_xom

Skill      XL: |  1  2  3  4  5  6  7  8  9 10 11 12 13 14 15 16 17 18 19 20 21 22 23 24 25 |
---------------+----------------------------------------------------------------------------+-----
Staves         | 4 5 6 7 9 10 11 | 11.0
Fighting       | 3 4 5 6 8 10 11 13 14 15 17 19 21 23 24 25 | 25.0
Invocations    | 1 2 4 5 7 8 9 10 11 12 13 | 13.1
Maces & Flails | 8 11 12 13 14 15 16 17 18 19 20 21 | 21.4
Armour         | 3 5 6 9 11 13 14 16 17 18 19 20 | 20.0
Throwing       | 5 7 8 10 11 12 13 14 15 16 17 18 20 | 20.4
Evocations     | 4 6 8 10 11 | 11.6
Dodging        | |  2.6

Action                     |  1- 3 |  4- 6 |  7- 9 | 10-12 | 13-15 | 16-18 | 19-21 | 22-24 | 25-27 || total
---------------------------+-------+-------+-------+-------+-------+-------+-------+-------+-------++-------
  Melee: Quarterstaff      |   101 |   166 |   319 |     7 |       |       |       |       |       ||   593
         Headbutt          |    14 |    22 |    58 |   123 |   254 |   237 |   319 |   377 |    13 ||  1417
         Whip              |       |       |    18 |       |       |       |       |       |       ||    18
         Punch             |       |       |     1 |       |       |       |       |       |       ||     1
         Dire flail        |       |       |       |   523 |   592 |       |       |       |       ||  1115
         Giant club        |       |       |       |       |   641 |   975 |  1185 |  1276 |    46 ||  4123
  Throw: Throwing net      |       |       |       |     6 |       |       |       |       |       ||     6
         Large rock        |       |       |       |       |    10 |    58 |   130 |   105 |     7 ||   310
 Invoke: Heroism           |       |       |     7 |    11 |     2 |     3 |     5 |     6 |     1 ||    35
         Finesse           |       |       |       |     1 |     1 |     1 |     3 |     4 |     1 ||    11
         Receive Armour    |       |       |       |       |     1 |       |       |       |       ||     1
  Evoke: Wand              |       |       |       |       |       |       |       |    14 |     2 ||    16
    Use: Potion            |       |     4 |     1 |     4 |     2 |       |     3 |    18 |     8 ||    40
         Scroll            |       |    14 |     5 |     5 |     4 |     2 |     4 |     9 |     3 ||    46
   Stab: Sleeping          |     4 |     1 |     1 |       |       |       |       |       |       ||     6
         Held in net/web   |       |     2 |       |     1 |       |       |       |       |       ||     3
         Invisible         |       |     3 |       |       |       |       |       |       |       ||     3
         Distracted        |       |       |       |       |       |       |     1 |       |       ||     1
         Petrified         |       |       |       |       |       |       |       |     2 |       ||     2
         Petrifying        |       |       |       |       |       |       |       |     1 |       ||     1
 Armour: Robe              |    62 |   105 |   188 |    84 |       |       |       |       |       ||   439
         Acid dragon scale |       |       |       |   270 |   225 |       |       |       |       ||   495
         Steam dragon scal |       |       |       |     2 |       |       |       |       |       ||     2
         Gold dragon scale |       |       |       |       |   679 |  1118 |  1431 |  1489 |    63 ||  4780
  Dodge: Dodged            |    51 |    77 |   126 |   238 |   241 |   220 |   333 |   294 |    11 ||  1591
  Block: Other             |       |       |       |       |       |       |       |    75 |       ||    75
         Reflection        |       |       |       |       |       |       |       |     1 |       ||     1
